Map: Kairos Junction LE

Players

Parkkatz - Winner!

  • Race: Zerg Zerg
  • League: Platinum
  • Spawn Location: 5:00

VOD

Have the link to the VOD?

Description

Time

  • Played on: July 3, 2019, 8:12 a.m.
  • Length: 17:58
Show
View Real Time Build Order
Export as new Build Order

Parkkatz Zerg - Winner!

Build Orders:  

Get SALT Encoding   

  12  0:01  Drone  
  13  0:25  Overlord  
  13  0:26  Drone  
  14  0:50  Drone x2  
  14  0:56  Drone  
  17  1:19  Drone  
  18  1:24  Hatchery  
  17  1:39  Extractor  
  16  1:41  Drone  
  16  1:47  Drone  
  18  2:00  Drone, Spawning Pool  
  18  2:11  Drone  
  19  2:26  Overlord  
  19  3:06  Queen x2  
  19  3:07  Zergling x2  
  19  3:08  Zergling x4  
  26  3:11  Drone  
  27  3:22  Drone  
  27  3:26  Drone  
  29  3:47  Drone  
  29  3:48  Drone  
  31  3:53  Overlord  
  31  3:56  Queen  
  33  4:21  Drone x2  
  33  4:22  Drone x2, Baneling Nest  
  36  4:45  Hatchery  
  36  4:49  Queen  
  37  4:56  Drone x4, Metabolic Boost  
  41  5:02  Overlord  
  41  5:07  Overlord  
  41  5:28  Drone x2  
  41  5:29  Overlord  
  43  5:36  Lair  
  43  5:45  Extractor  
  43  5:48  Extractor  
  39  5:59  Drone x2  
  40  6:00  Drone x2  
  40  6:01  Drone x2  
  44  6:18  Evolution Chamber  
  43  6:20  Drone x2, Evolution Chamber  
  43  6:21  Drone x3  
  43  6:27  Queen  
  49  6:35  Zergling x2  
  49  6:36  Zergling x8  
  54  6:52  Drone  
  54  6:53  Drone  
  54  6:57  Zerg Melee Weapons Level 1  
  54  6:58  Zerg Ground Armor Level 1  
  56  7:04  Zergling x2  
  56  7:05  Zergling x6  
  56  7:06  Zergling x2  
  60  7:32  Drone  
  60  7:33  Spore Crawler, Drone x9  
  69  7:49  Spore Crawler  
  68  7:57  Spore Crawler  
  67  8:07  Overlord x2  
  67  8:11  Drone x3  
  67  8:12  Drone  
  71  8:22  Overseer  
  71  8:26  Centrifical Hooks  
  71  8:36  Drone  
  71  8:37  Drone x2  
  71  8:38  Drone  
  71  8:39  Drone x3  
  78  8:49  Extractor  
  76  8:51  Extractor  
  75  9:18  Drone x2  
  75  9:19  Drone x2  
  79  9:20  Drone x2  
  79  9:21  Zergling x12  
  79  9:22  Zergling x6  
  90  9:34  Lair  
  80  9:55  Baneling x4  
  80  9:56  Baneling x4  
  80  9:57  Baneling  
  80  9:58  Zergling x2  
  81  10:00  Overlord x3  
  81  10:01  Overseer  
  81  10:08  Zergling x2  
  81  10:09  Zergling x8  
  86  10:12  Zerg Melee Weapons Level 2  
  86  10:13  Zerg Ground Armor Level 2  
  86  10:17  Queen  
  88  10:26  Zergling x2  
  88  10:27  Zergling x10  
  94  10:34  Extractor  
  94  10:35  Drone  
  94  10:47  Hydralisk Den  
  93  11:39  Zergling x2  
  94  11:40  Zergling x20  
  94  11:41  Zergling x14  
  105  12:33  Baneling  
  105  12:34  Baneling x4  
  105  12:35  Baneling x3  
  105  12:37  Hydralisk  
  105  12:38  Hydralisk x3  
  113  12:47  Overlord  
  113  12:48  Overlord x2  
  113  12:49  Overlord x3  
  113  13:15  Unknown  
  113  13:18  Zergling x2  
  113  13:19  Zergling x20  
  81  13:20  Zergling x2  
  125  13:33  Hatchery  
  125  13:37  Extractor x2  
  101  14:03  Drone x2  
  101  14:04  Drone x3  
  101  14:05  Drone  
  101  14:06  Drone  
  101  14:07  Drone x4  
  110  14:32  Drone x4  
  110  14:33  Drone x6  
  115  14:55  Unknown  
Tags
 
Add a new tag
Caveats
  • Supply blocks, unpowered buildings, or Contaminate may cause inaccurate times.
  • Supply counts are checked every 10 seconds.